 Dungeon Sprint DCSS version 0.17.2-1-ge4368a0 (webtiles) character file.

222 mopl the Covert (level 5, 0/33 HPs)
             Began as a Spriggan Assassin on Aug 22, 2016.
             Slain by a human
             ... wielding a +0 short sword of draining
              (2 damage)
             ... in the Dungeon (Sprint III: "The Ten Rune Challenge").
             The game lasted 00:00:59 (362 turns).

mopl the Covert (Spriggan Assassin)                  Turns: 362, Time: 00:00:59

Health: 0/33       AC:  3    Str: 12    XL:     5   Next: 66%
Magic:  6/6        EV: 16    Int: 13    God:
Gold:   30         SH:  0    Dex: 18    Spells: 0 memorised, 4 levels left

rFire  . . .     SeeInvis +     a - +2 dagger
rCold  + . .     Clarity  .     c - +0 robe
rNeg   . . .     SustAt   .     (shield restricted)
rPois  .         Gourm    .     (helmet restricted)
rElec  .         Spirit   .     d - +0 cloak
rCorr  .         Warding  .     (gloves unavailable)
rMut   .         NoTele   +     (boots unavailable)
MR     +....                    (no amulet)
Stlth  ..........               (no ring)
                                (no ring)

@: berserking (expiring), drained, very quick, somewhat resistant to hostile
enchantments, extremely unstealthy
A: unfitting armour, see invisible, cold resistance 1, herbivore 3, speed 3,
frail 1, magic resistance 1, slow regeneration 1, slow metabolism 2, evolution
1, subdued magic 1
a: no special abilities


You were in the Dungeon.
You were not hungry.

You visited 1 branch You collected 30 gold pieces.

Inventory:

Hand Weapons
 a - a +2 dagger (weapon)
 b - a +0 blowgun
Missiles
 e - 7 poisoned needles
 f - 2 curare-tipped needles
Armour
 c - a +0 robe (worn)
 d - a +0 cloak (worn)
Scrolls
 m - a scroll of blinking
 o - 4 scrolls of identify
 q - a scroll of torment {unknown}
 r - a scroll of immolation {unknown}
 t - 2 scrolls of holy word {unknown}
 u - a scroll of enchant armour {unknown}
Potions
 h - 2 potions of curing
 i - a potion of heal wounds
 j - a potion of haste
 k - 2 potions of magic
 n - a potion of flight {unknown}
 s - a potion of agility {unknown}
 v - 3 potions of cure mutation {!q}
Comestibles
 g - a bread ration


   Skills:
 - Level 1.5(1.3) Fighting
 - Level 2.1(1.9) Short Blades
 * Level 9.8(9.5) Throwing
 - Level 1.5(1.2) Dodging
 + Level 11.7(11.4) Stealth


You had 4 spell levels left.
You didn't know any spells.

Dungeon Overview and Level Annotations

Branches:
Dungeon (1/1)

Altars:
Okawaru
Trog


Innate Abilities, Weirdness & Mutations

You are tiny and cannot use many weapons and most armour.
You have supernaturally acute eyesight.
You are a herbivore.
You cover ground extremely quickly.
You need consume almost no food.
Your flesh is cold resistant.
You are frail (-10% HP).
You are resistant to hostile enchantments.
You regenerate slowly when monsters are visible.
You evolve.
Your spells are a little easier to cast, but a little less powerful.


Message History

The human barely misses you.
You hit the human.
The human is almost dead.
The human hits you!
Ouch! That really hurt!
The human hits you with a short sword of draining.
* * * LOW HITPOINT WARNING * * *
You feel drained.
* * * LOW HITPOINT WARNING * * *
You puncture the human!
You kill the human!
Your Throwing skill gained 2 levels and is now at level 9!
Your Stealth skill gained 2 levels and is now at level 11!
You have reached level 5!
You feel clever.
Your life force feels restored.
The human hits you with a short sword of draining.
* * * LOW HITPOINT WARNING * * *
You feel drained.
You die...

▓▓▓▓▓▓ ▓▓▓ .....♣ ♣.#
##### .....♣ ♣.# #__.#
.....♣ ♣♣.# #p[.#
....≈♣♣♣♣..###+#@###+##
...≈≈...♣..#..........#
..≈≈≈≈..♣..'.⌠........#
..≈≈≈≈≈≈...#...######+#
.≈≈≈≈≈≈....#.⌠.#
.≈≈≈≈≈.....#...#
.≈≈≈.......#+###
...........#
...........#


You could see a human (berserk).

Vanquished Creatures
  A water elemental (D)
  2 humans (D)
  An ooze (D)
  A phantom (D)
  3 rats (D)
8 creatures vanquished.

Vanquished Creatures (others)
  2 draconian scorchers (D)
  A yaktaur (D)
3 creatures vanquished.

Grand Total: 11 creatures vanquished

Notes
Turn   | Place    | Note
--------------------------------------------------------------
     0 | D        | mopl the Spriggan Assassin began the quest for the Orb.
     0 | D        | Reached XP level 1. HP: 10/10 MP: 2/2
     4 | D        | Reached skill level 3 in Throwing
     4 | D        | Reached skill level 6 in Stealth
    46 | D        | Killed a yaktaur
    55 | D        | Reached skill level 5 in Throwing
    55 | D        | Reached skill level 7 in Stealth
    55 | D        | Reached XP level 2. HP: 2/14 MP: 3/3
   231 | D        | Killed a white draconian scorcher
   240 | D        | Killed a white draconian scorcher
   327 | D        | Gained mutation: You evolve. [potion of mutation]
   327 | D        | Gained mutation: Your spells are a little easier to cast, but a little less powerful. [potion of mutation]
   327 | D        | Gained mutation: You are frail (-10% HP). [potion of mutation]
   328 | D        | Gained mutation: You are resistant to hostile enchantments. [potion of mutation]
   328 | D        | Gained mutation: You regenerate slowly when monsters are visible. [potion of mutation]
   328 | D        | Gained mutation: Your flesh is cold resistant. [potion of mutation]
   341 | D        | Noticed a water elemental
   344 | D        | Killed a water elemental
   344 | D        | Reached skill level 7 in Throwing
   344 | D        | Reached skill level 9 in Stealth
   344 | D        | Reached XP level 3. HP: 16/16 MP: 4/4
   344 | D        | Reached XP level 4. HP: 19/19 MP: 5/5
   350 | D        | Found an iron altar of Okawaru.
   351 | D        | Found a bloodstained altar of Trog.
   351 | D        | Noticed a human
   351 | D        | Noticed a human
   362 | D        | Killed a human
   362 | D        | Reached skill level 9 in Throwing
   362 | D        | Reached skill level 11 in Stealth
   362 | D        | Reached XP level 5. HP: 7/22 MP: 6/6
   362 | D        | Slain by a human

Action                   |  1- 3 |  4- 6 || total
-------------------------+-------+-------++-------
Melee: Dagger            |     6 |    10 ||    16
 Fire: Blowgun           |     6 |       ||     6
  Use: Potion            |     2 |     1 ||     3
 Stab: Sleeping          |     6 |       ||     6
